AoeStats
← TheHoaN

Nomad

507227035Analyzed
2v2 RM · 15d ago on Sep 17, 2026· 54m 53s· 4 players
Game mode
Random Map
Map size
176×176
Population
200
Speed
Normal
Resources
Standard
Victory
Conquest
Starting age
Dark Age
Ending age
Imperial Age
RankedLock teamsTeams togetherTeam positionsShared explorationLock speedFull tech treeHidden civsTurbo modeCheats
Victory
Defeat
🇸🇪 Spanish · Sweden
1199
+13
🇹🇷 Japanese · Türkiye
1108
+16
🇹🇼 Poles · Taiwan
1141
-15
🇳🇿 Jurchens · New Zealand
1118
-14
LoveCreamPie
4:18 Loom
13:25 Feudal Age
14:45 Double-Bit Axe
17:08 Horse Collar
19:37 Castle Age
19:08 Stone Mining
19:54 Light Cavalry
21:11 Bow Saw
22:20 Forging
22:16 Scale Barding Armor
24:39 Heavy Plow
26:05 Chain Barding Armor
26:21 Iron Casting
26:56 Wheelbarrow
29:13 Gold Mining
35:27 Imperial Age
33:52 Town Watch
34:23 Hand Cart
34:09 Fletching
34:20 Padded Archer Armor
35:01 Bloodlines
34:52 Husbandry
34:59 Bodkin Arrow
34:48 Treadmill Crane
35:29 Ballistics
35:59 Leather Archer Armor
35:31 Crossbowman
36:59 Crop Rotation
36:53 Conscription
38:11 Chemistry
38:33 Blast Furnace
38:01 Bracer
37:43 Arbalester
38:28 Thumb Ring
39:28 Winged Hussar
42:58 Hand Cart
43:48 Conscription
48:16 Capped Ram
49:35 Hand Cart
49:21 Town Patrol
revninja69
4:41 Loom
17:10 Feudal Age
18:47 Fishing Lines
19:59 Scale Barding Armor
21:13 Stone Mining
23:12 Wheelbarrow
22:38 Double-Bit Axe
29:37 Castle Age
31:34 Fletching
34:29 Bloodlines
36:04 Gillnets
38:24 Hand Cart
44:33 Stone Shaft Mining
44:48 Padded Archer Armor
44:45 Gold Mining
48:19 Leather Archer Armor
49:20 Town Watch
54:36 Horse Collar
55:17 Heavy Plow
BISIKLET SUREN PRAGMATIST
6:27 Loom
8:02 Loom
17:05 Feudal Age
17:31 Double-Bit Axe
21:35 Castle Age
20:53 Gold Mining
21:46 Loom
22:45 Thumb Ring
23:35 Bow Saw
26:27 Padded Archer Armor
26:18 Fletching
26:28 Padded Archer Armor
28:02 Leather Archer Armor
27:42 Bodkin Arrow
28:02 Leather Archer Armor
30:18 Ballistics
30:51 Bodkin Arrow
35:52 Gold Shaft Mining
35:08 Stone Mining
35:53 Gold Shaft Mining
35:08 Stone Mining
36:12 Wheelbarrow
41:25 Imperial Age
42:43 Hand Cart
42:13 Town Watch
43:26 Parthian Tactics
43:27 Heavy Cavalry Archer
44:21 Scale Mail Armor
44:31 Forging
44:26 Scale Barding Armor
44:31 Forging
44:21 Scale Mail Armor
44:26 Scale Barding Armor
44:11 Fishing Lines
46:22 Conscription
45:49 Arson
46:36 Chain Mail Armor
46:56 Iron Casting
47:04 Town Patrol
48:10 Elite Samurai
52:03 Iron Casting
52:55 Chemistry
TheHoaN
12:11 Loom
14:06 Feudal Age
15:40 Double-Bit Axe
17:13 Arson
17:22 Fishing Lines
20:12 Stone Mining
20:29 Fletching
22:59 Castle Age
21:57 Forging
24:26 Wheelbarrow
23:44 Gold Mining
25:11 Bow Saw
24:55 Gillnets
28:26 Medium Warships
28:21 Bodkin Arrow
28:33 Town Watch
29:04 Hand Cart
28:52 Horse Collar
34:14 Imperial Age
32:35 Padded Archer Armor
33:44 Bloodlines
33:35 Husbandry
35:03 Leather Archer Armor
35:15 Leather Archer Armor
35:03 Bracer
34:38 Pikeman
35:29 Scale Mail Armor
36:04 Iron Casting
36:52 Two-Man Saw
36:43 Ring Archer Armor
36:41 Halberdier
37:41 Chain Mail Armor
38:49 Town Patrol
39:25 Conscription
41:50 Blast Furnace
41:21 Plate Mail Armor
41:19 Elite Skirmisher
43:29 Supremacy
47:05 Light Cavalry
48:06 Scale Barding Armor
47:31 Cavalier
49:38 Chain Barding Armor
51:23 Plate Barding Armor
50:49 Light Cavalry
Connection lost

Rejoining the realm…

Still unreachable

The connection could not be restored.

Session expired

The server has moved on; the page needs a fresh start.